Map: Ruínas de Endion

Players

TheZergLord - Winner!

  • Race: Zerg Zerg
  • League: Master

Bally

  • Race: Terran Terran
  • League: Master

VOD

Have the link to the VOD?

Description

Time

  • Played on: May 25, 2016, 11:26 a.m.
  • Length: 9:39
Show
View Real Time Build Order
Export as new Build Order

TheZergLord Zerg - Winner!

Build Orders: Hatch First 

Get SALT Encoding   

  12  0:01  Drone  
  13  0:14  Overlord  
  13  0:17  Drone  
  14  0:32  Drone x2  
  16  0:36  Drone  
  17  0:54  Hatchery  
  17  0:56  Drone  
  17  1:09  Spawning Pool  
  16  1:12  Drone  
  16  1:15  Extractor  
  16  1:17  Drone  
  17  1:22  Drone  
  18  1:31  Drone  
  19  1:41  Overlord  
  19  1:56  Drone  
  19  1:57  Queen  
  22  2:03  Zergling x2  
  22  2:06  Queen  
  25  2:08  Drone  
  25  2:12  Drone  
  27  2:16  Metabolic Boost  
  27  2:19  Drone  
  28  2:26  Drone  
  29  2:35  Drone x2  
  31  2:38  Drone  
  32  2:46  Hatchery  
  32  2:50  Queen  
  33  2:59  Overlord  
  33  3:01  Drone  
  33  3:02  Drone x2  
  36  3:15  Overlord  
  36  3:18  Drone  
  36  3:19  Drone x2  
  40  3:20  Zergling x8  
  43  3:35  Overlord  
  43  3:38  Drone x2  
  45  3:43  Drone x3  
  48  3:48  Queen  
  48  3:49  Queen  
  48  3:50  Overlord  
  48  3:51  Spine Crawler  
  48  3:55  Drone  
  52  4:00  Queen  
  54  4:08  Drone x2  
  54  4:09  Drone x2  
  52  4:30  Overlord  
  52  4:32  Drone x3  
  52  4:34  Drone x4  
  52  4:35  Drone x4  
  52  4:36  Lair  
  63  4:47  Overlord x3  
  63  4:52  Extractor  
  62  4:54  Extractor  
  62  4:56  Drone x2  
  62  4:57  Baneling Nest  
  62  4:58  Evolution Chamber  
  62  4:59  Drone x2  
  63  5:00  Drone  
  63  5:01  Drone  
  63  5:03  Drone  
  66  5:07  Drone  
  66  5:08  Zergling x4  
  66  5:09  Zergling x2  
  70  5:15  Zergling x6  
  70  5:16  Zergling x2  
  73  5:33  Zergling x8  
  73  5:34  Zergling x8  
  81  5:35  Zerg Ground Armor Level 1  
  81  5:45  Overseer  
  81  5:49  Overseer  
  80  5:51  Spore Crawler  
  80  5:52  Spore Crawler  
  80  5:53  Drone x3  
  80  5:54  Drone  
  80  5:55  Drone  
  83  5:58  Spore Crawler  
  83  5:59  Zergling x6  
  85  6:05  Overlord  
  85  6:06  Overlord x2  
  85  6:09  Baneling x3  
  85  6:10  Centrifical Hooks  
  85  6:12  Baneling  
  85  6:13  Overlord x3, Baneling x2  
  85  6:31  Zergling x2  
  85  6:32  Zergling x18  
  95  6:35  Baneling  
  95  6:36  Baneling x7  
  85  7:04  Hatchery  
  85  7:05  Zergling x4  
  85  7:06  Zergling x14  
  93  7:10  Drone  
  93  7:11  Drone x2  
  93  7:12  Drone, Spire  
  93  7:15  Extractor x2  
  94  7:16  Extractor  
  94  7:19  Overlord  
  92  7:30  Hatchery  
  87  7:37  Drone  
  87  7:38  Drone x9  
  87  7:42  Drone x4  
  97  7:49  Evolution Chamber  
  91  7:55  Hydralisk Den  
  91  7:58  Drone  
  87  8:00  Infestation Pit  
  84  8:21  Overlord  
  84  8:38  Hydralisk  
  84  8:39  Hydralisk x10  
  84  8:41  Zergling x10  
  111  8:53  Overlord x2  
  111  8:54  Hydralisk x5  
  121  8:56  Hydralisk, Hatchery  
  121  8:58  Queen  
  124  9:06  Hydralisk, Overlord  
  124  9:07  Hydralisk x2  
  124  9:08  Hydralisk  
  133  9:10  Zergling x8  
  136  9:22  Drone x3  
  136  9:23  Drone x3  
  130  9:24  Drone  
  125  9:35  Spore Crawler  
  128  9:38  Extractor  
Show
View Real Time Build Order
Export as new Build Order

Bally Terran 

Build Orders: 1/1/1, Mech 

Get SALT Encoding   

  12  0:01  SCV  
  13  0:13  SCV  
  14  0:18  Supply Depot  
  14  0:25  SCV  
  14  0:28  Refinery  
  15  0:39  SCV  
  16  0:45  Barracks  
  16  0:51  SCV  
  17  1:04  SCV  
  18  1:16  SCV  
  19  1:32  Orbital Command  
  19  1:33  Marine  
  19  1:36  Factory  
  20  1:51  Barracks Reactor  
  20  2:01  Command Center  
  20  2:05  SCV  
  21  2:10  Supply Depot  
  21  2:17  SCV  
  22  2:27  Starport  
  22  2:29  SCV  
  23  2:39  Hellion x2  
  27  2:44  Supply Depot  
  27  3:01  Hellion x2  
  31  3:06  Medivac  
  33  3:13  Orbital Command  
  33  3:32  Command Center  
  33  3:37  Viking  
  35  3:44  SCV  
  35  3:45  SCV, Refinery  
  37  3:57  SCV x2, Marine x2  
  37  3:59  Factory Tech Lab  
  41  4:09  SCV x2  
  43  4:10  Starport Tech Lab  
  41  4:21  SCV  
  42  4:27  Refinery  
  42  4:28  Refinery  
  42  4:30  Banshee  
  45  4:31  Marine x2  
  45  4:32  SCV  
  45  4:33  SCV  
  49  4:45  Orbital Command  
  49  4:46  SCV  
  49  4:49  Marine x2  
  49  4:50  Siege Tank  
  55  4:55  SCV  
  55  4:59  SCV  
  57  5:07  Marine x2  
  57  5:09  SCV  
  57  5:11  SCV  
  57  5:12  Supply Depot  
  61  5:18  Banshee  
  64  5:23  SCV, Orbital Command  
  64  5:26  Marine x2  
  67  5:31  Supply Depot  
  67  5:32  SCV  
  67  5:34  Siege Tank  
  71  5:36  SCV  
  71  5:37  Armory  
  71  5:39  Armory  
  72  5:43  Marine x2  
  72  5:48  SCV, Supply Depot  
  75  5:50  SCV x2  
  77  6:00  Raven  
  79  6:04  Marine x2  
  79  6:07  SCV x3  
  79  6:10  Supply Depot  
  84  6:19  SCV x3  
  87  6:30  Supply Depot  
  87  6:31  SCV x2  
  89  6:33  Supply Depot  
  80  6:47  SCV  
  80  6:52  SCV  
  80  6:54  SCV  
  65  6:57  Infernal Pre-Igniter, Hellion  
  65  6:58  Banshee  
  65  6:59  SCV  
  71  7:01  Barracks Reactor  
  71  7:04  Factory  
  71  7:06  Factory x2  
  68  7:09  SCV, Factory  
  68  7:11  SCV  
  68  7:13  Refinery  
  70  7:15  Supply Depot  
  70  7:16  Refinery  
  70  7:18  SCV  
  70  7:21  SCV  
  72  7:23  SCV  
  69  7:31  Terran Vehicle Weapons Level 1, Terran Vehicle And Ship Armor Level 1  
  69  7:33  SCV  
  69  7:35  SCV  
  57  7:41  Banshee  
  45  7:50  Orbital Command  
  43  7:55  Hellion x2  
  44  7:58  SCV  
  45  8:10  SCV  
  45  8:11  Thor, Hellion x2  
  56  8:15  SCV  
  56  8:18  Hellion x2  
  61  8:21  Factory Tech Lab  
  61  8:22  SCV  
  61  8:23  SCV  
  63  8:27  SCV  
  63  8:32  Factory Tech Lab  
  64  8:35  SCV x2  
  66  8:41  Banshee  
  69  8:49  Supply Depot  
  69  8:50  SCV  
  69  8:51  SCV, Supply Depot  
  64  9:02  SCV  
  64  9:03  SCV  
  62  9:14  SCV  
  62  9:15  SCV  
Tags
 
Add a new tag
Caveats
  • Supply blocks, unpowered buildings, or Contaminate may cause inaccurate times.
  • Supply counts are checked every 10 seconds.